 Dungeon Crawl Stone Soup version 0.25-a0-265-g7af84ae0ac (webtiles) character file.

Game seed: 5737756019941295555, levelgen mode: deterministic

723 Nixze the Conjurer (level 7, -4/58 HPs)
             Began as a Purple Draconian Conjurer on Dec 8, 2019.
             Was an Initiate of Sif Muna.
             Slain by a troll (8 damage)
             ... on level 5 of the Dungeon.
             The game lasted 00:16:20 (6077 turns).

Nixze the Conjurer (Purple Draconian Conjurer)      Turns: 6077, Time: 00:16:20

Health: -4/58      AC:  8    Str: 10    XL:     7   Next: 43%
Magic:  5/13       EV: 12    Int: 18    God:    Sif Muna [......]
Gold:   197        SH:  0    Dex: 11    Spells: 4/15 levels left

rFire    . . .     SeeInvis .   g - +1 short sword (drain)
rCold    . . .     Gourm    .   (no shield)
rNeg     . . .     Faith    .   (armour unavailable)
rPois    .         Spirit   .   (helmet restricted)
rElec    .         Reflect  .   (no cloak)
rCorr    .         Harm     .   (no gloves)
MR       +....                  f - +1 pair of boots
Stlth    ++........             (no amulet)
HPRegen  0.19/turn              (no ring)
MPRegen  0.13/turn              (no ring)

@: no status effects
A: breathe power, unfitting armour, cold-blooded, AC +6
a: Breathe Dispelling Energy, Renounce Religion


You were on level 5 of the Dungeon.
You worshipped Sif Muna.
Sif Muna was noncommittal.
You were very hungry.

You visited 2 branches of the dungeon, and saw 6 of its levels.

You collected 197 gold pieces.

Inventory:

Hand Weapons
 a - a +0 club
 g - a +1 short sword of draining (weapon)
Armour
 f - a +1 pair of boots (worn)
Wands
 r - a wand of disintegration (14)
Scrolls
 c - a scroll of enchant weapon {unknown}
 e - 3 scrolls of remove curse
 i - a scroll of teleportation
 l - 2 scrolls of identify
 m - a scroll of enchant armour {unknown}
 n - a scroll of fear {unknown}
 o - a scroll of blinking {unknown}
Potions
 d - 4 potions of might
 h - a potion of heal wounds {unknown}
 j - a potion of curing
 k - a potion of haste {unknown}
 p - 2 potions of degeneration {unknown}
 s - a potion of resistance {unknown}
Comestibles
 b - 7 rations


   Skills:
 + Level 3.6 Fighting
 + Level 2.1 Dodging
 - Level 1.7 Stealth
 + Level 4.5 Spellcasting
 * Level 7.3 Conjurations
 * Level 1.6 Hexes


You had 4 spell levels left.
You knew the following spells:

 Your Spells              Type           Power        Failure   Level  Hunger
a - Magic Dart            Conj           ####         1%          1    None
b - Searing Ray           Conj           ####..       1%          2    #......
c - Iskenderun's Mystic   Conj/Tloc      ###.....     30%         4    ####...
d - Fulminant Prism       Conj/Hex       ###.......   22%         4    ####...

Your spell library contained the following spells:

 Spells                   Type           Power        Failure   Level  Hunger
 Dazzling Flash           Conj/Hex       ###...       7%          3    ###....


Dungeon Overview and Level Annotations

Branches:
Dungeon (5/15)             Temple (1/1) D:5

Altars:
Ashenzari
Cheibriados
Dithmenos
Elyvilon
Fedhas
Hepliaklqana
Kikubaaqudgha
Makhleb
Nemelex Xobeh
Okawaru
Qazlal
Ru
Sif Muna
Trog
Uskayaw
Vehumet
Wu Jian
Xom
Yredelemnul
Zin
The Shining One

Annotations:
D:3 Grinder
D:4 3 runed translucent doors, Blork the orc; Jerej03's ghost, amateur DsFE; Phong's ghost, amateur MfSu; RedPan's ghost, amateur OgTm; ch1llma's ghost, amateur TrMo


Innate Abilities, Weirdness & Mutations

You can breathe bolts of dispelling energy.
Your rich purple scales are hard. (AC +6)
You cannot fit into any form of body armour.
You are cold-blooded and may be slowed by cold attacks.


Message History

The troll bites you. The troll barely misses you. The troll claws you.
The searing ray hits the troll!
The troll is almost dead.
You finish channeling your searing ray.
The troll bites you. The troll claws you. The troll claws you!
Casting: Searing Ray (safe; 1% risk of failure)
Confirm with . or Enter, or press ? or * to list all spells.
Aiming: Searing Ray (safe; 1% risk of failure)
Press: ? - help, Shift-Dir - straight line, f/p - troll
Aim: a troll (almost dead)
The searing ray misses the troll. (Press . to maintain the ray.)
The troll bites you! The troll claws you.
* * * LOW HITPOINT WARNING * * *
The troll claws you!
* * * LOW HITPOINT WARNING * * *
You feel better. The troll misses you. The troll claws you.
* * * LOW HITPOINT WARNING * * *
The troll claws you!
You die...

.##.## #.# .##..# #.#
.##.T# #.# .###.##
#.# .# #..# #.# .#
#..# #.#
.####'######### #.#
.#............#####.#
.#....>........T@...#
.#............#######
.#............#
.#............#
.#............#
.#............#
##............#
#............#
#............#


You could see a troll.

Vanquished Creatures
  Duvessa (D:5)
  A bullfrog (D:4)
  Dowan (D:5)
  A scorpion (D:5)
  A water moccasin skeleton (D:5)
  A howler monkey (D:5)
  A crimson imp (D:5)
  A bullfrog zombie (D:2)
  An orc priest (D:4)
  An orc wizard (D:5)
  Natasha (twice) (D:4)
  2 worker ants (D:4)
  A hound skeleton (D:4)
  An adder (D:4)
  An adder zombie (D:5)
  2 worms
  2 dart slugs (D:1)
  15 orcs
  8 bats
  4 giant cockroaches
  9 hobgoblins
  15 jackals
  2 quokkas
  4 frilled lizards
  6 goblins
  3 jackal skeletons
  5 kobolds
  6 rats
98 creatures vanquished.

Vanquished Creatures (others)
  2 withered plants (D:4)
2 creatures vanquished.

Grand Total: 100 creatures vanquished

Notes
Turn   | Place    | Note
-------+----------+-------------------------------------------
     0 | D:1      | Nixze the Draconian Conjurer began the quest for the Orb.
     0 | D:1      | Reached XP level 1. HP: 14/14 MP: 3/3
   433 | D:1      | Reached XP level 2. HP: 16/20 MP: 0/5
   752 | D:1      | Learned a level 2 spell: Searing Ray
  1286 | D:1      | Reached skill level 5 in Conjurations
  1319 | D:1      | Reached XP level 3. HP: 24/26 MP: 1/6
  1942 | D:2      | Reached skill level 1 in Fighting
  1942 | D:2      | Reached XP level 4. HP: 29/35 MP: 1/7
  2686 | D:3      | Noticed Grinder
  3071 | D:3      | Paralysed by Grinder for 3 turns
  3554 | D:3      | Learned a level 4 spell: Iskenderun's Mystic Blast
  3780 | D:4      | Reached XP level 5. HP: 41/41 MP: 2/8
  3894 | D:4      | Found a runed translucent gate.
  3894 | D:4      | Found a runed translucent gate.
  3894 | D:4      | Found a runed translucent gate.
  3894 | D:4      | Noticed ch1llma's ghost (amateur TrMo)
  3894 | D:4      | Noticed Jerej03's ghost (amateur DsFE)
  3894 | D:4      | Noticed RedPan's ghost (amateur OgTm)
  3894 | D:4      | Noticed Phong's ghost (amateur MfSu)
  4061 | D:4      | Reached skill level 6 in Conjurations
  4273 | D:4      | Noticed Natasha
  4277 | D:4      | Killed Natasha
  4334 | D:4      | Noticed Natasha
  4337 | D:4      | Killed Natasha
  4369 | D:4      | Noticed a phantom
  4369 | D:4      | Noticed Blork the orc
  4385 | D:4      | Reached XP level 6. HP: 38/50 MP: 5/10
  4932 | D:5      | Entered Level 5 of the Dungeon
  4976 | D:5      | Learned a level 4 spell: Fulminant Prism
  5377 | D:5      | Reached skill level 7 in Conjurations
  5377 | D:5      | Your scales start taking on a rich purple colour.
  5377 | D:5      | Reached XP level 7. HP: 57/57 MP: 1/13
  5582 | D:5      | Found a staircase to the Ecumenical Temple.
  5598 | Temple   | Entered the Ecumenical Temple
  5791 | Temple   | Became a worshipper of Sif Muna the Loreminder
  5866 | D:5      | Noticed Duvessa
  5866 | D:5      | Noticed Dowan
  5874 | D:5      | Killed Duvessa
  5874 | D:5      | Reached skill level 1 in Hexes
  5879 | D:5      | Killed Dowan
  5996 | D:5      | Noticed a troll
  6077 | D:5      | Slain by a troll

Levels and vault maps discovered:
D:1:      tarquinn_simple_flora_water_a, layout_loops_ring, minivault_27
D:2:      layout_basic
D:3:      layout_basic, first_ration, uniq_grinder
D:4:      layout_basic, gammafunk_ghost_cemetery, st_stairs_10,
          minmay_misc_feat_alley, minmay_strange_pillars, uniq_blork_the_orc,
          uniq_natasha
D:5:      layout_basic, minmay_temple_entry_wispy, uniq_duvessa
Temple:   minmay_crystal_snake_temple

Skill      XL: |  1  2  3  4  5  6  7 |
---------------+----------------------+-----
Conjurations   | 5 6 7 |  7.3
Fighting       | 1 2 3 |  3.6
Spellcasting   | 3 4 |  4.5
Hexes          | 1 |  1.6
Dodging        | 2 |  2.1
Stealth        | |  1.7

Action                   |  1- 3 |  4- 6 |  7- 9 || total
-------------------------+-------+-------+-------++-------
Melee: Club              |    18 |       |       ||    18
       Unarmed           |    10 |       |       ||    10
       Short sword       |    32 |    36 |     1 ||    69
       Tailslap          |     5 |     5 |       ||    10
 Cast: Magic Dart        |    78 |   145 |    17 ||   240
       Searing Ray       |       |     5 |     4 ||     9
 Abil: Breathe Dispellin |       |       |     1 ||     1
  Use: Scroll            |       |     3 |       ||     3
       Potion            |       |     1 |     1 ||     2
  Eat: Chunk             |     4 |    11 |     2 ||    17
Armor: Skin              |    20 |    23 |     1 ||    44
Dodge: Dodged            |    48 |    57 |     6 ||   111

Table legend:
 A = Non-vault XP
 B = Vault XP
 C = Vault XP percentage of total XP
 D = Non-vault monster count
 E = Vault monster count
 F = Vault count percentage of total count
                 A         B        C        D         E       F
            +---------+---------+-------+---------+---------+-------
      Total |     751 |     282 |  27.3 |      94 |       4 |   4.1
            +---------+---------+-------+---------+---------+-------
        D:1 |      53 |       0 |   0.0 |      28 |       0 |   0.0
        D:2 |      93 |       0 |   0.0 |      24 |       0 |   0.0
        D:3 |      34 |       0 |   0.0 |      16 |       0 |   0.0
        D:4 |     269 |      48 |  15.1 |      15 |       2 |  11.8
        D:5 |     302 |     234 |  43.7 |      11 |       2 |  15.4
            +---------+---------+-------+---------+---------+-------
